Login

Carolina Hurricanes vs Philadelphia Flyers

Created - 23 March 2024 at 00:13

Goals
1 2 3 T
Carolina Hurricanes 1 0 3 4
Philadelphia Flyers 0 2 1 3
Shots
1 2 3 T
Carolina Hurricanes 6 15 20 41
Philadelphia Flyers 10 16 14 40

GoalsPenalties
1st period
1. Carolina Hurricanes , David Krejci 2 (Martin Necas 3, Dmitry Orlov 1) at 2:57
No Penalty
2nd period
2. Philadelphia Flyers , Travis Konecny 6 (Jonathan Toews 4) at 7:37
3. Philadelphia Flyers , Travis Konecny 7 (Noah Cates 1, Jonathan Toews 5) at 11:02 (PP)
Kevin Shattenkirk (CAR) for Hooking (Minor) at 8:24
Will Borgen (CAR) for High sticking (Minor) at 10:55
Michael Bunting (CAR) for Interference (Minor) at 13:01
Michael Bunting (CAR) for Interference (Minor) at 18:30
3rd period
4. Carolina Hurricanes , Sebastian C Aho 5 (Alex Tuch 5, Brady Skjei 1) at 4:51
5. Philadelphia Flyers , Jonathan Toews 1 (Sean Walker 3, Travis Sanheim 2) at 7:18
6. Carolina Hurricanes , Sebastian C Aho 6 (Alex Tuch 6, Andrei Svechnikov 2) at 14:39
7. Carolina Hurricanes , David Krejci 3 (Martin Necas 4) at 19:48
Garnet Hathaway (PHI) for Slashing (Minor) at 8:01
Kevin Shattenkirk (CAR) for Delaying the game (Minor) at 15:36
Travis Konecny (PHI) for Cross-checking (Minor) at 19:55
Goalie Stats
Frederik Andersen (CAR), 37 saves from 40 shots - (0.925), W, 2-6-0, 60:00 minutes
Matt Murray (PHI), 37 saves from 41 shots - (0.902), L, 2-4-0, 60:00 minutes
3 StarsOfficial
1 - David Krejci (CAR)
2 - Jonathan Toews (PHI)
3 - Sebastian C Aho (CAR)
Referees : Justin Kea and Marc Joannette
Linesman : Ken Bonham and Trent Knorr
Game Note
Joel Farabee is injured at 5:57 of 3rd period (Right Leg)
Finance
Level 1 -- Attendance: 5135 (85.58%) -- Ticket Income $513,500
Level 2 -- Attendance: 4943 (98.86%) -- Ticket Income $296,580
Level 3 -- Attendance: 2000 (100.00%) -- Ticket Income $70,000
Level 4 -- Attendance: 3591 (89.78%) -- Ticket Income $89,775
Luxury Box -- Attendance: 984 (98.40%) -- Ticket Income $196,800
Game was played at the Wells Fargo Center.
Total Attendance: 16653 (92.52%)
Total Ticket Income: $1,166,655
Other Income: $571,661
Total Income: $1,738,316



Team Name Goals Shots Shots Attemp Shots Blocked PIM HIT PP PK FO%
Carolina Hurricanes 441691410230 / 2 (0%)144%
Philadelphia Flyers 34074134171 / 5 (20%)056%

Carolina Hurricanes
Player Name POS G A P +/- PIM HIT SHT SB MP PP MP PP SHT PK MP PK SHT FO% FOT GA TA
Alex TuchRW0220014021:051:0805:0000% 010
Andrei SvechnikovLW0110022115:550:5500:0700% 210
Brady SkjeiD0111002220:250:4302:5800% 000
Brent BurnsD0001032024:101:2005:0510% 004
Brett PesceD000-1002021:060:4302:2500% 001
David KrejciC2022005115:160:0000:00043% 2300
Dmitry OrlovD0112013121:571:2015:0500% 000
Eeli TolvanenRW0000011012:270:0000:0000% 001
Jesperi KotkaniemiC0000012013:250:5500:00036% 1111
Jordan MartinookLW000000019:310:0002:3500% 000
Jordan StaalC000001006:250:0000:0000% 200
Kevin ShattenkirkD000-1411017:380:0000:0000% 004
Martin NecasRW0222015321:050:5505:00027% 1120
Michael BuntingLW0002451116:090:0000:2110% 000
Sebastian C AhoC2020013118:471:0812:11061% 3110
Stefan NoesenRW000000217:410:0000:5200% 010
Teuvo TeravainenLW0000003113:421:0800:0000% 100
Will BorgenD0002253115:080:0000:3300% 000
Philadelphia Flyers
Player Name POS G A P +/- PIM HIT SHT SB MP PP MP PP SHT PK MP PK SHT FO% FOT GA TA
Cal FooteD000-1030117:212:1200:0000% 000
Cam YorkD0000002017:342:3810:5200% 001
Christian FischerRW000001108:230:2900:0000% 020
Garnet HathawayRW000-1210017:553:5500:0400% 210
Joel FarabeeLW000-1001014:083:0710:0000% 020
Jonathan ToewsC1232016018:393:3900:00069% 2612
Josh NorrisC000-3001018:553:5700:00067% 300
Mark KastelicC000001008:390:0001:09075% 800
Miles WoodLW000-3012013:030:0000:0000% 101
Morgan FrostC000-3000115:060:5600:49056% 1810
Noah CatesLW0112015019:534:0010:53050% 210
Ryan DonatoLW0000002110:380:2701:0600% 100
Scott LaughtonC000-1012113:580:0000:05042% 1922
Sean WalkerD0110010214:100:0001:1100% 001
Travis HamonicD000-1012123:351:0401:1100% 000
Travis KonecnyRW20222110218:383:3920:0000% 100
Travis SanheimD011-1000220:174:4700:5200% 010
Vince DunnD000-1046227:035:2530:0000% 000

Carolina Hurricanes

5 vs 5 Forward
Line #Left WingCenterRight WingPHYDFOFWanted %Time %Time Play
1Andrei SvechnikovSebastian C AhoAlex Tuch1223530%15:11
2Michael BuntingDavid KrejciMartin Necas1133532%15:44
3Teuvo TeravainenJesperi KotkaniemiEeli Tolvanen1222025%12:27
4Jordan MartinookJordan StaalStefan Noesen2301013%6:25
5 vs 5 Defense
Line #DefenseDefensePHYDFOFWanted %Time %Time Play
1Brent BurnsBrady Skjei1223535%17:13
2Brett PesceKevin Shattenkirk1403536%17:58
3Dmitry OrlovWill Borgen2303028%14:11
4Will BorgenBrent Burns12201%0:25
Power Play Forward
Line #Left WingCenterRight WingPHYDFOFWanted %Time %Time Play
1Teuvo TeravainenSebastian C AhoAlex Tuch1226055%1:08
2Jesperi KotkaniemiMartin NecasAndrei Svechnikov1224045%0:55
Power Play Defense
Line #DefenseDefensePHYDFOFWanted %Time %Time Play
1Brent BurnsDmitry Orlov1226065%1:20
2Brady SkjeiBrett Pesce1224035%0:43
Penalty Kill 4 Players Forward
Line #CenterWingPHYDFOFWanted %Time %Time Play
1Martin NecasAlex Tuch1226074%5:58
2Sebastian C AhoJordan Martinook1224026%2:05
Penalty Kill 4 Players Defense
Line #DefenseDefensePHYDFOFWanted %Time %Time Play
1Brent BurnsDmitry Orlov1226063%5:05
2Brady SkjeiBrett Pesce1224037%2:58
Penalty Kill 3 Players
Line #WingPHYDFOFWanted %Time %Time PlayDefenseDefensePHYDFOFWanted %Time %Time Play
1Alex Tuch122600%0:00 Brent BurnsDmitry Orlov122600%0:00
2Sebastian C Aho122400%0:00 Brady SkjeiBrett Pesce122400%0:00
4 vs 4 Forward
Line #CenterWingPHYDFOFWanted %Time %Time Play
1Alex TuchSebastian C Aho122600%0:00
2Martin NecasAndrei Svechnikov122400%0:00
4 vs 4 Defense
Line #DefensePHYDFOFWanted %Time %Time Play
1Brent BurnsDmitry Orlov122600%0:00
2Brady SkjeiBrett Pesce122400%0:00
Last Minutes Offensive
Left WingCenterRight WingDefenseDefense
Teuvo TeravainenSebastian C AhoAlex TuchBrent BurnsDmitry Orlov
Last Minutes Defensive
Left WingCenterRight WingDefenseDefense
Teuvo TeravainenSebastian C AhoAlex TuchBrent BurnsDmitry Orlov
Time
Total ForwardTotal DefenseLast Minutes OffensiveLast Minutes Defensive
60:00 60:00 0:000:07
Extra Forwards
Normal PowerPlayPenalty Kill
Sebastian C Aho, Michael Bunting, Stefan NoesenSebastian C Aho, Michael BuntingStefan Noesen
Extra Defensemen
Normal PowerPlayPenalty Kill
Will Borgen, Brett Pesce, Brent BurnsBrady Skjei, Will BorgenDmitry Orlov
Penalty Shots
Alex Tuch, Sebastian C Aho, Martin Necas, Andrei Svechnikov, Teuvo Teravainen
Goalie
Frederik Andersen, Antti Raanta
Custom OT Lines Forwards
Alex Tuch, Sebastian C Aho, Martin Necas, Andrei Svechnikov, David Krejci, Teuvo Teravainen, Jesperi Kotkaniemi, Michael Bunting, Stefan Noesen, Jordan Martinook
Custom OT Lines Defensemen
Brent Burns, Dmitry Orlov, Brady Skjei, Brett Pesce, Will Borgen
Scratches
Mason Lohrei (Healthy), Pyotr Kochetkov (Healthy)

Philadelphia Flyers

5 vs 5 Forward
Line #Left WingCenterRight WingPHYDFOFWanted %Time %Time Play
1Noah CatesJonathan ToewsTravis Konecny1223230%15:01
2Joel FarabeeScott LaughtonGarnet Hathaway1223029%14:21
3Miles WoodMorgan FrostJosh Norris1222826%13:03
4Ryan DonatoMark KastelicChristian Fischer1221015%7:22
5 vs 5 Defense
Line #DefenseDefensePHYDFOFWanted %Time %Time Play
1Vince DunnTravis Hamonic1224043%21:31
2Travis SanheimCal Foote1223031%15:17
3Sean WalkerCam York1222019%9:25
4Sean WalkerCam York122107%3:34
Power Play Forward
Line #Left WingCenterRight WingPHYDFOFWanted %Time %Time Play
1Noah CatesJonathan ToewsTravis Konecny1226047%3:45
2Joel FarabeeJosh NorrisGarnet Hathaway1224053%4:18
Power Play Defense
Line #DefenseDefensePHYDFOFWanted %Time %Time Play
1Vince DunnTravis Sanheim1226067%5:25
2Cam YorkCal Foote1224033%2:38
Penalty Kill 4 Players Forward
Line #CenterWingPHYDFOFWanted %Time %Time Play
1Mark KastelicGarnet Hathaway12260100%2:03
2Scott LaughtonNoah Cates122400%0:00
Penalty Kill 4 Players Defense
Line #DefenseDefensePHYDFOFWanted %Time %Time Play
1Sean WalkerTravis Hamonic1226058%1:11
2Travis SanheimCam York1224042%0:52
Penalty Kill 3 Players
Line #WingPHYDFOFWanted %Time %Time PlayDefenseDefensePHYDFOFWanted %Time %Time Play
1Mark Kastelic122600%0:00 Sean WalkerTravis Hamonic122600%0:00
2Scott Laughton122400%0:00 Travis SanheimCam York122400%0:00
4 vs 4 Forward
Line #CenterWingPHYDFOFWanted %Time %Time Play
1Jonathan ToewsTravis Konecny122600%0:00
2Josh NorrisNoah Cates122400%0:00
4 vs 4 Defense
Line #DefensePHYDFOFWanted %Time %Time Play
1Vince DunnTravis Sanheim122600%0:00
2Cam YorkCal Foote122400%0:00
Last Minutes Offensive
Left WingCenterRight WingDefenseDefense
Noah CatesJonathan ToewsTravis KonecnyVince DunnCam York
Last Minutes Defensive
Left WingCenterRight WingDefenseDefense
Noah CatesScott LaughtonTravis KonecnyTravis SanheimTravis Hamonic
Time
Total ForwardTotal DefenseLast Minutes OffensiveLast Minutes Defensive
60:00 60:00 0:070:00
Extra Forwards
Normal PowerPlayPenalty Kill
Josh Norris, Morgan Frost, Ryan DonatoJosh Norris, Morgan FrostRyan Donato
Extra Defensemen
Normal PowerPlayPenalty Kill
Travis Sanheim, Cam York, Travis HamonicTravis Sanheim, Cam YorkTravis Hamonic
Penalty Shots
Travis Konecny, Scott Laughton, Josh Norris, Noah Cates, Morgan Frost
Goalie
Matt Murray, Samuel Ersson
Custom OT Lines Forwards
Travis Konecny, Scott Laughton, Jonathan Toews, Josh Norris, Noah Cates, Morgan Frost, Joel Farabee, Ryan Donato, Christian Fischer, Miles Wood
Custom OT Lines Defensemen
Vince Dunn, Cam York, Travis Sanheim, Travis Hamonic, Cal Foote
Scratches
Nicolas Deslauriers (Healthy), Jack Drury (Healthy), Egor Zamula (Healthy)


Play-by-Play

1st period


0:01 of 1st period - Jonathan Toews wins face-off versus Sebastian C Aho in neutral zone.
0:05 of 1st period - Off-side.
0:06 of 1st period - Sebastian C Aho wins face-off versus Jonathan Toews in neutral zone.
1:27 of 1st period - Slapshot by Vince Dunn.
1:27 of 1st period - Shot Blocked by Jordan Martinook.
2:09 of 1st period - Garnet Hathaway is hit by Michael Bunting and loses puck.
2:27 of 1st period - Icing by Travis Sanheim.
2:28 of 1st period - Morgan Frost wins face-off versus Teuvo Teravainen in Philadelphia Flyers zone.
2:45 of 1st period - Snap shot by Miles Wood.
2:45 of 1st period - Stopped by Frederik Andersen without a rebound.
2:46 of 1st period - David Krejci wins face-off versus Scott Laughton in Carolina Hurricanes zone.
2:55 of 1st period - Snap shot by David Krejci.
2:55 of 1st period - Shot Blocked by Sean Walker.
2:57 of 1st period - Slapshot by David Krejci.
2:57 of 1st period - Goal by David Krejci - Carolina Hurricanes : 1 - Philadelphia Flyers : 0.
2:58 of 1st period - Sebastian C Aho wins face-off versus Morgan Frost in neutral zone.
3:25 of 1st period - Michael Bunting is hit by Travis Konecny and loses puck.
4:56 of 1st period - Slapshot by Ryan Donato.
4:56 of 1st period - Shot Misses the Net.
6:12 of 1st period - Wrist shot by Michael Bunting.
6:12 of 1st period - Shot Blocked by Travis Hamonic.
6:14 of 1st period - Slapshot by Brett Pesce.
6:14 of 1st period - Stopped by Matt Murray without a rebound.
6:15 of 1st period - Jesperi Kotkaniemi wins face-off versus Scott Laughton in Philadelphia Flyers zone.
6:20 of 1st period - Slapshot by Eeli Tolvanen.
6:20 of 1st period - Shot Misses the Net.
6:22 of 1st period - Slapshot by Will Borgen.
6:22 of 1st period - Stopped by Matt Murray without a rebound.
6:23 of 1st period - Scott Laughton wins face-off versus Jesperi Kotkaniemi in Philadelphia Flyers zone.
6:28 of 1st period - Sean Walker is hit by Will Borgen and loses puck.
6:37 of 1st period - Wrist shot by Eeli Tolvanen.
6:37 of 1st period - Shot Misses the Net.
6:39 of 1st period - Snap shot by Teuvo Teravainen.
6:39 of 1st period - Shot Blocked by Scott Laughton.
6:58 of 1st period - Off-side.
6:59 of 1st period - David Krejci wins face-off versus Jonathan Toews in neutral zone.
7:02 of 1st period - Travis Konecny is hit by Brent Burns and loses puck.
7:14 of 1st period - Snap shot by Martin Necas.
7:14 of 1st period - Shot Misses the Net.
7:35 of 1st period - Slapshot by Vince Dunn.
7:35 of 1st period - Shot Blocked by Stefan Noesen.
7:37 of 1st period - Snap shot by Morgan Frost.
7:37 of 1st period - Shot Misses the Net.
7:51 of 1st period - Snap shot by Christian Fischer.
7:51 of 1st period - Deflect By Alex Tuch.
7:51 of 1st period - Shot Misses the Net.
7:51 of 1st period - Puck is out of play.
7:52 of 1st period - Jonathan Toews wins face-off versus Sebastian C Aho in Carolina Hurricanes zone.
8:01 of 1st period - Wrist shot by Jonathan Toews.
8:01 of 1st period - Shot Blocked by Andrei Svechnikov.
8:03 of 1st period - Slapshot by Travis Konecny.
8:03 of 1st period - Shot Misses the Net.
8:05 of 1st period - Wrist shot by Jonathan Toews.
8:05 of 1st period - Stopped by Frederik Andersen without a rebound.
8:06 of 1st period - Jonathan Toews wins face-off versus David Krejci in Carolina Hurricanes zone.
8:15 of 1st period - Backhand shot by Travis Konecny.
8:15 of 1st period - Shot Blocked by Dmitry Orlov.
8:17 of 1st period - Slapshot by Jonathan Toews.
8:17 of 1st period - Stopped by Frederik Andersen with a rebound.
8:47 of 1st period - Snap shot by Scott Laughton.
8:47 of 1st period - Stopped by Frederik Andersen without a rebound.
8:48 of 1st period - Sebastian C Aho wins face-off versus Miles Wood in Carolina Hurricanes zone.
8:50 of 1st period - Icing by Andrei Svechnikov.
8:51 of 1st period - Morgan Frost wins face-off versus Sebastian C Aho in Carolina Hurricanes zone.
9:46 of 1st period - Josh Norris is hit by Michael Bunting and loses puck.
10:51 of 1st period - Slapshot by Joel Farabee.
10:51 of 1st period - Shot Misses the Net.
11:14 of 1st period - Snap shot by Travis Konecny.
11:14 of 1st period - Shot Misses the Net.
11:24 of 1st period - Christian Fischer is hit by Michael Bunting and loses puck.
12:13 of 1st period - Off-side.
12:14 of 1st period - Scott Laughton wins face-off versus David Krejci in neutral zone.
12:44 of 1st period - Off-side.
12:45 of 1st period - Morgan Frost wins face-off versus Sebastian C Aho in neutral zone.
13:26 of 1st period - Stefan Noesen is hit by Travis Hamonic.
13:38 of 1st period - Snap shot by Travis Konecny.
13:38 of 1st period - Stopped by Frederik Andersen with a rebound.
13:46 of 1st period - Wrist shot by David Krejci.
13:46 of 1st period - Stopped by Matt Murray with a rebound.
15:57 of 1st period - Snap shot by Stefan Noesen.
15:57 of 1st period - Deflect By Jordan Martinook.
15:57 of 1st period - Shot Blocked by Sean Walker.
15:57 of 1st period - Puck is out of play.
15:58 of 1st period - Scott Laughton wins face-off versus David Krejci in Philadelphia Flyers zone.
16:04 of 1st period - Icing by Brent Burns.
16:05 of 1st period - David Krejci wins face-off versus Scott Laughton in Carolina Hurricanes zone.
16:12 of 1st period - Scott Laughton is hit by Brent Burns and loses puck.
16:35 of 1st period - Noah Cates is hit by Andrei Svechnikov and loses puck.
17:20 of 1st period - Kevin Shattenkirk is hit by Christian Fischer and loses puck.
17:39 of 1st period - Slapshot by Travis Konecny.
17:39 of 1st period - Stopped by Frederik Andersen with a rebound.
17:41 of 1st period - Snap shot by Jonathan Toews.
17:41 of 1st period - Stopped by Frederik Andersen with a rebound.
17:43 of 1st period - Wrist shot by Travis Konecny.
17:43 of 1st period - Stopped by Frederik Andersen with a rebound.
18:01 of 1st period - Wrist shot by David Krejci.
18:01 of 1st period - Stopped by Matt Murray with a rebound.
18:45 of 1st period - Snap shot by Ryan Donato.
18:45 of 1st period - Stopped by Frederik Andersen without a rebound.
18:46 of 1st period - Jonathan Toews wins face-off versus David Krejci in Carolina Hurricanes zone.
18:57 of 1st period - Wrist shot by Jonathan Toews.
18:57 of 1st period - Stopped by Frederik Andersen with a rebound.
19:20 of 1st period - Snap shot by Alex Tuch.
19:20 of 1st period - Shot Misses the Net.
19:26 of 1st period - Wrist shot by Andrei Svechnikov.
19:26 of 1st period - Stopped by Matt Murray without a rebound.
19:27 of 1st period - Morgan Frost wins face-off versus Sebastian C Aho in Philadelphia Flyers zone.
19:27 of 1st period - Morgan Frost is hit by Alex Tuch.
19:43 of 1st period - Will Borgen is hit by Sean Walker and loses puck.
19:54 of 1st period - Andrei Svechnikov is hit by Scott Laughton and loses puck.
Goals for this period are 1 for Carolina Hurricanes vs 0 for Philadelphia Flyers.
Shots for this period are 6 for Carolina Hurricanes vs 10 for Philadelphia Flyers.

2nd period


0:01 of 2nd period - Jonathan Toews wins face-off versus David Krejci in neutral zone.
0:04 of 2nd period - Snap shot by Travis Konecny.
0:04 of 2nd period - Shot Blocked by Michael Bunting.
0:16 of 2nd period - Snap shot by Travis Konecny.
0:16 of 2nd period - Shot Misses the Net.
0:47 of 2nd period - Off-side.
0:48 of 2nd period - Jesperi Kotkaniemi wins face-off versus Morgan Frost in neutral zone.
0:51 of 2nd period - Snap shot by Eeli Tolvanen.
0:51 of 2nd period - Stopped by Matt Murray without a rebound.
0:52 of 2nd period - Morgan Frost wins face-off versus Jesperi Kotkaniemi in Philadelphia Flyers zone.
1:28 of 2nd period - Snap shot by Morgan Frost.
1:28 of 2nd period - Shot Blocked by Teuvo Teravainen.
1:37 of 2nd period - Slapshot by Jesperi Kotkaniemi.
1:37 of 2nd period - Shot Blocked by Morgan Frost.
1:39 of 2nd period - Slapshot by Dmitry Orlov.
1:39 of 2nd period - Deflect By Morgan Frost.
1:39 of 2nd period - Stopped by Matt Murray with a rebound.
1:41 of 2nd period - Backhand shot by Teuvo Teravainen.
1:41 of 2nd period - Stopped by Matt Murray without a rebound.
1:42 of 2nd period - David Krejci wins face-off versus Jonathan Toews in Philadelphia Flyers zone.
1:43 of 2nd period - Backhand shot by Martin Necas.
1:43 of 2nd period - Stopped by Matt Murray without a rebound.
1:44 of 2nd period - Jonathan Toews wins face-off versus David Krejci in Philadelphia Flyers zone.
1:51 of 2nd period - Slapshot by Vince Dunn.
1:51 of 2nd period - Shot Blocked by Martin Necas.
2:18 of 2nd period - Off-side.
2:19 of 2nd period - Sebastian C Aho wins face-off versus Scott Laughton in neutral zone.
2:22 of 2nd period - Snap shot by Alex Tuch.
2:22 of 2nd period - Stopped by Matt Murray with a rebound.
2:46 of 2nd period - Noah Cates is hit by Kevin Shattenkirk and loses puck.
2:55 of 2nd period - Slapshot by Travis Konecny.
2:55 of 2nd period - Shot Misses the Net.
2:57 of 2nd period - Slapshot by Travis Sanheim.
2:57 of 2nd period - Deflect By Jonathan Toews.
2:57 of 2nd period - Stopped by Frederik Andersen with a rebound.
3:34 of 2nd period - Off-side.
3:35 of 2nd period - David Krejci wins face-off versus Jonathan Toews in neutral zone.
3:45 of 2nd period - Icing by Cam York.
3:46 of 2nd period - Sebastian C Aho wins face-off versus Travis Konecny in Philadelphia Flyers zone.
4:20 of 2nd period - Backhand shot by Scott Laughton.
4:20 of 2nd period - Shot Blocked by Martin Necas.
4:22 of 2nd period - Slapshot by Vince Dunn.
4:22 of 2nd period - Shot Blocked by Martin Necas.
4:24 of 2nd period - Slapshot by Vince Dunn.
4:24 of 2nd period - Shot Blocked by Will Borgen.
4:44 of 2nd period - Wrist shot by Martin Necas.
4:44 of 2nd period - Stopped by Matt Murray with a rebound.
4:46 of 2nd period - Wrist shot by Martin Necas.
4:46 of 2nd period - Shot Blocked by Vince Dunn.
4:48 of 2nd period - Snap shot by David Krejci.
4:48 of 2nd period - Stopped by Matt Murray with a rebound.
4:50 of 2nd period - Slapshot by Martin Necas.
4:50 of 2nd period - Shot Misses the Net.
4:52 of 2nd period - Snap shot by Will Borgen.
4:52 of 2nd period - Stopped by Matt Murray with a rebound.
5:07 of 2nd period - Wrist shot by Will Borgen.
5:07 of 2nd period - Deflect By Michael Bunting.
5:07 of 2nd period - Shot Misses the Net.
5:07 of 2nd period - Puck is out of play.
5:08 of 2nd period - Sebastian C Aho wins face-off versus Scott Laughton in Philadelphia Flyers zone.
5:11 of 2nd period - Snap shot by Alex Tuch.
5:11 of 2nd period - Deflect By Sebastian C Aho.
5:11 of 2nd period - Shot Misses the Net.
5:11 of 2nd period - Puck is out of play.
5:12 of 2nd period - Sebastian C Aho wins face-off versus Scott Laughton in Philadelphia Flyers zone.
6:02 of 2nd period - Stefan Noesen is hit by Miles Wood and loses puck.
6:09 of 2nd period - Snap shot by Jordan Martinook.
6:09 of 2nd period - Shot Blocked by Travis Sanheim.
6:11 of 2nd period - Wrist shot by Stefan Noesen.
6:11 of 2nd period - Shot Misses the Net.
6:13 of 2nd period - Wrist shot by Stefan Noesen.
6:13 of 2nd period - Stopped by Matt Murray with a rebound.
7:14 of 2nd period - Wrist shot by Noah Cates.
7:14 of 2nd period - Shot Blocked by Brady Skjei.
7:35 of 2nd period - Wrist shot by Josh Norris.
7:35 of 2nd period - Stopped by Frederik Andersen without a rebound.
7:36 of 2nd period - Jonathan Toews wins face-off versus Sebastian C Aho in Carolina Hurricanes zone.
7:37 of 2nd period - Wrist shot by Travis Konecny.
7:37 of 2nd period - Goal by Travis Konecny - Carolina Hurricanes : 1 - Philadelphia Flyers : 1.
7:38 of 2nd period - Scott Laughton wins face-off versus Andrei Svechnikov in neutral zone.
7:40 of 2nd period - Off-side.
7:41 of 2nd period - Sebastian C Aho wins face-off versus Scott Laughton in neutral zone.
7:44 of 2nd period - Sean Walker is hit by Andrei Svechnikov and loses puck.
8:24 of 2nd period - Minor Penalty to Kevin Shattenkirk for Hooking.
8:25 of 2nd period - Noah Cates wins face-off versus Martin Necas in Carolina Hurricanes zone.
9:43 of 2nd period - Snap shot by Michael Bunting.
9:43 of 2nd period - Stopped by Matt Murray without a rebound.
9:44 of 2nd period - Jonathan Toews wins face-off versus Martin Necas in Philadelphia Flyers zone.
10:24 of 2nd period - Penalty to Kevin Shattenkirk is over, Kevin Shattenkirk is back on ice.
10:36 of 2nd period - Snap shot by Ryan Donato.
10:36 of 2nd period - Shot Misses the Net.
10:38 of 2nd period - Slapshot by Ryan Donato.
10:38 of 2nd period - Stopped by Frederik Andersen without a rebound.
10:39 of 2nd period - Jesperi Kotkaniemi wins face-off versus Mark Kastelic in Carolina Hurricanes zone.
10:39 of 2nd period - Jesperi Kotkaniemi is hit by Mark Kastelic.
10:47 of 2nd period - Snap shot by Jesperi Kotkaniemi.
10:47 of 2nd period - Stopped by Matt Murray without a rebound.
10:48 of 2nd period - Mark Kastelic wins face-off versus Jesperi Kotkaniemi in Philadelphia Flyers zone.
10:48 of 2nd period - Mark Kastelic is hit by Will Borgen.
10:55 of 2nd period - Minor Penalty to Will Borgen for High sticking.
10:56 of 2nd period - Jonathan Toews wins face-off versus Martin Necas in Carolina Hurricanes zone.
11:00 of 2nd period - Snap shot by Noah Cates.
11:00 of 2nd period - Stopped by Frederik Andersen with a rebound.
11:02 of 2nd period - Snap shot by Travis Konecny.
11:02 of 2nd period - Goal by Travis Konecny - Carolina Hurricanes : 1 - Philadelphia Flyers : 2.
11:03 of 2nd period - Jonathan Toews wins face-off versus Sebastian C Aho in neutral zone.
11:08 of 2nd period - Wrist shot by Travis Konecny.
11:08 of 2nd period - Stopped by Frederik Andersen without a rebound.
11:09 of 2nd period - Jonathan Toews wins face-off versus Sebastian C Aho in Carolina Hurricanes zone.
11:20 of 2nd period - Snap shot by Travis Konecny.
11:20 of 2nd period - Shot Misses the Net.
11:22 of 2nd period - Slapshot by Noah Cates.
11:22 of 2nd period - Stopped by Frederik Andersen without a rebound.
11:23 of 2nd period - Scott Laughton wins face-off versus David Krejci in Carolina Hurricanes zone.
11:24 of 2nd period - Slapshot by Vince Dunn.
11:24 of 2nd period - Deflect By Martin Necas.
11:24 of 2nd period - Stopped by Frederik Andersen without a rebound.
11:25 of 2nd period - David Krejci wins face-off versus Scott Laughton in Carolina Hurricanes zone.
11:31 of 2nd period - Icing by Brady Skjei.
11:32 of 2nd period - Scott Laughton wins face-off versus David Krejci in Carolina Hurricanes zone.
11:57 of 2nd period - Snap shot by Brent Burns.
11:57 of 2nd period - Stopped by Matt Murray without a rebound.
11:58 of 2nd period - Jonathan Toews wins face-off versus Andrei Svechnikov in Philadelphia Flyers zone.
13:01 of 2nd period - Minor Penalty to Michael Bunting for Interference.
13:02 of 2nd period - Jonathan Toews wins face-off versus Martin Necas in Carolina Hurricanes zone.
13:14 of 2nd period - Alex Tuch is hit by Jonathan Toews and loses puck.
13:40 of 2nd period - Snap shot by Joel Farabee.
13:40 of 2nd period - Stopped by Frederik Andersen with a rebound.
14:26 of 2nd period - Jonathan Toews is hit by Brent Burns and loses puck.
15:01 of 2nd period - Penalty to Michael Bunting is over, Michael Bunting is back on ice.
15:01 of 2nd period - Dmitry Orlov is hit by Cal Foote and loses puck.
15:20 of 2nd period - Backhand shot by Cam York.
15:20 of 2nd period - Stopped by Frederik Andersen without a rebound.
15:21 of 2nd period - Mark Kastelic wins face-off versus Jesperi Kotkaniemi in Carolina Hurricanes zone.
15:48 of 2nd period - Snap shot by Morgan Frost.
15:48 of 2nd period - Shot Misses the Net.
16:35 of 2nd period - Jonathan Toews is hit by Eeli Tolvanen and loses puck.
17:04 of 2nd period - Travis Sanheim is hit by Jesperi Kotkaniemi and loses puck.
17:11 of 2nd period - Slapshot by Jesperi Kotkaniemi.
17:11 of 2nd period - Shot Misses the Net.
17:35 of 2nd period - Snap shot by Noah Cates.
17:35 of 2nd period - Stopped by Frederik Andersen with a rebound.
17:43 of 2nd period - Slapshot by Noah Cates.
17:43 of 2nd period - Stopped by Frederik Andersen with a rebound.
17:49 of 2nd period - Eeli Tolvanen is hit by Cal Foote and loses puck.
18:00 of 2nd period - Slapshot by Noah Cates.
18:00 of 2nd period - Stopped by Frederik Andersen with a rebound.
18:10 of 2nd period - Snap shot by Jesperi Kotkaniemi.
18:10 of 2nd period - Shot Blocked by Travis Konecny.
18:12 of 2nd period - Slapshot by Brett Pesce.
18:12 of 2nd period - Shot Blocked by Cal Foote.
18:14 of 2nd period - Slapshot by Kevin Shattenkirk.
18:14 of 2nd period - Stopped by Matt Murray with a rebound.
18:16 of 2nd period - Slapshot by Brett Pesce.
18:16 of 2nd period - Stopped by Matt Murray with a rebound.
18:18 of 2nd period - Wrist shot by Eeli Tolvanen.
18:18 of 2nd period - Shot Blocked by Travis Sanheim.
18:20 of 2nd period - Snap shot by Jesperi Kotkaniemi.
18:20 of 2nd period - Stopped by Matt Murray without a rebound.
18:21 of 2nd period - Scott Laughton wins face-off versus David Krejci in Philadelphia Flyers zone.
18:28 of 2nd period - Snap shot by Scott Laughton.
18:28 of 2nd period - Shot Misses the Net.
18:30 of 2nd period - Minor Penalty to Michael Bunting for Interference.
18:31 of 2nd period - Josh Norris wins face-off versus Martin Necas in Carolina Hurricanes zone.
18:32 of 2nd period - Slapshot by Vince Dunn.
18:32 of 2nd period - Deflect By Brent Burns.
18:32 of 2nd period - Stopped by Frederik Andersen without a rebound.
18:33 of 2nd period - Martin Necas wins face-off versus Josh Norris in Carolina Hurricanes zone.
19:31 of 2nd period - Brady Skjei is hit by Vince Dunn and loses puck.
19:36 of 2nd period - Snap shot by Cam York.
19:36 of 2nd period - Stopped by Frederik Andersen with a rebound.
Goals for this period are 0 for Carolina Hurricanes vs 2 for Philadelphia Flyers.
Shots for this period are 15 for Carolina Hurricanes vs 16 for Philadelphia Flyers.

3rd period


0:01 of 3rd period - Martin Necas wins face-off versus Noah Cates in neutral zone.
0:14 of 3rd period - Slapshot by Brent Burns.
0:14 of 3rd period - Stopped by Matt Murray with a rebound.
0:30 of 3rd period - Penalty to Michael Bunting is over, Michael Bunting is back on ice.
0:45 of 3rd period - Icing by Brent Burns.
0:46 of 3rd period - Mark Kastelic wins face-off versus Jesperi Kotkaniemi in Carolina Hurricanes zone.
2:04 of 3rd period - Slapshot by Martin Necas.
2:04 of 3rd period - Stopped by Matt Murray with a rebound.
2:10 of 3rd period - Snap shot by David Krejci.
2:10 of 3rd period - Shot Blocked by Travis Konecny.
2:22 of 3rd period - Wrist shot by Martin Necas.
2:22 of 3rd period - Stopped by Matt Murray with a rebound.
2:24 of 3rd period - Snap shot by David Krejci.
2:24 of 3rd period - Shot Misses the Net.
2:40 of 3rd period - Travis Sanheim is hit by Michael Bunting and loses puck.
2:57 of 3rd period - Slapshot by Ryan Donato.
2:57 of 3rd period - Shot Blocked by David Krejci.
3:05 of 3rd period - Snap shot by Christian Fischer.
3:05 of 3rd period - Stopped by Frederik Andersen with a rebound.
3:07 of 3rd period - Snap shot by Mark Kastelic.
3:07 of 3rd period - Deflect By Ryan Donato.
3:07 of 3rd period - Shot Misses the Net.
3:07 of 3rd period - Puck is out of play.
3:08 of 3rd period - Sebastian C Aho wins face-off versus Garnet Hathaway in Carolina Hurricanes zone.
3:35 of 3rd period - Jordan Martinook is hit by Vince Dunn and loses puck.
4:20 of 3rd period - Wrist shot by Joel Farabee.
4:20 of 3rd period - Shot Misses the Net.
4:22 of 3rd period - Snap shot by Scott Laughton.
4:22 of 3rd period - Stopped by Frederik Andersen without a rebound.
4:23 of 3rd period - Sebastian C Aho wins face-off versus Scott Laughton in Carolina Hurricanes zone.
4:23 of 3rd period - Sebastian C Aho is hit by Garnet Hathaway.
4:31 of 3rd period - Snap shot by Sebastian C Aho.
4:31 of 3rd period - Shot Misses the Net.
4:33 of 3rd period - Slapshot by Alex Tuch.
4:33 of 3rd period - Stopped by Matt Murray without a rebound.
4:34 of 3rd period - Sebastian C Aho wins face-off versus Morgan Frost in Philadelphia Flyers zone.
4:51 of 3rd period - Snap shot by Sebastian C Aho.
4:51 of 3rd period - Goal by Sebastian C Aho - Carolina Hurricanes : 2 - Philadelphia Flyers : 2.
4:52 of 3rd period - Sebastian C Aho wins face-off versus Scott Laughton in neutral zone.
4:59 of 3rd period - Wrist shot by Sebastian C Aho.
4:59 of 3rd period - Shot Misses the Net.
5:01 of 3rd period - Slapshot by Will Borgen.
5:01 of 3rd period - Deflect By Vince Dunn.
5:01 of 3rd period - Stopped by Matt Murray without a rebound.
5:02 of 3rd period - Sebastian C Aho wins face-off versus Scott Laughton in Philadelphia Flyers zone.
5:03 of 3rd period - Snap shot by Andrei Svechnikov.
5:03 of 3rd period - Shot Misses the Net.
5:05 of 3rd period - Slapshot by Dmitry Orlov.
5:05 of 3rd period - Stopped by Matt Murray with a rebound.
5:19 of 3rd period - Snap shot by Alex Tuch.
5:19 of 3rd period - Stopped by Matt Murray without a rebound.
5:20 of 3rd period - David Krejci wins face-off versus Morgan Frost in Philadelphia Flyers zone.
5:47 of 3rd period - Brady Skjei is hit by Vince Dunn and loses puck.
5:56 of 3rd period - Joel Farabee is hit by Will Borgen and loses puck.
5:57 of 3rd period - Joel Farabee from Philadelphia Flyers is injured at 5:57 of 3rd period (Right Leg).
5:58 of 3rd period - Sebastian C Aho wins face-off versus Morgan Frost in Philadelphia Flyers zone.
6:25 of 3rd period - Ryan Donato is hit by Will Borgen.
6:47 of 3rd period - Slapshot by Vince Dunn.
6:47 of 3rd period - Stopped by Frederik Andersen with a rebound.
6:49 of 3rd period - Wrist shot by Vince Dunn.
6:49 of 3rd period - Shot Misses the Net.
6:51 of 3rd period - Slapshot by Travis Hamonic.
6:51 of 3rd period - Stopped by Frederik Andersen without a rebound.
6:52 of 3rd period - Sebastian C Aho wins face-off versus Jonathan Toews in Carolina Hurricanes zone.
6:52 of 3rd period - Sebastian C Aho is hit by Noah Cates.
7:10 of 3rd period - Wrist shot by Noah Cates.
7:10 of 3rd period - Shot Misses the Net.
7:12 of 3rd period - Slapshot by Travis Sanheim.
7:12 of 3rd period - Shot Misses the Net.
7:14 of 3rd period - Slapshot by Travis Sanheim.
7:14 of 3rd period - Shot Blocked by Sebastian C Aho.
7:16 of 3rd period - Slapshot by Sean Walker.
7:16 of 3rd period - Shot Misses the Net.
7:18 of 3rd period - Slapshot by Jonathan Toews.
7:18 of 3rd period - Goal by Jonathan Toews - Carolina Hurricanes : 2 - Philadelphia Flyers : 3.
7:19 of 3rd period - Morgan Frost wins face-off versus Martin Necas in neutral zone.
7:35 of 3rd period - Snap shot by Michael Bunting.
7:35 of 3rd period - Shot Misses the Net.
8:01 of 3rd period - Minor Penalty to Garnet Hathaway for Slashing.
8:02 of 3rd period - Mark Kastelic wins face-off versus Sebastian C Aho in Philadelphia Flyers zone.
8:17 of 3rd period - Wrist shot by Alex Tuch.
8:17 of 3rd period - Shot Blocked by Ryan Donato.
8:19 of 3rd period - Slapshot by Dmitry Orlov.
8:19 of 3rd period - Stopped by Matt Murray with a rebound.
8:59 of 3rd period - Cam York is hit by Sebastian C Aho and loses puck.
10:01 of 3rd period - Penalty to Garnet Hathaway is over, Garnet Hathaway is back on ice.
10:07 of 3rd period - Icing by Cam York.
10:08 of 3rd period - Mark Kastelic wins face-off versus Jordan Staal in Philadelphia Flyers zone.
10:08 of 3rd period - Mark Kastelic is hit by Jordan Staal.
10:32 of 3rd period - Icing by Josh Norris.
10:33 of 3rd period - Jonathan Toews wins face-off versus David Krejci in Philadelphia Flyers zone.
10:38 of 3rd period - Wrist shot by Travis Konecny.
10:38 of 3rd period - Stopped by Frederik Andersen with a rebound.
10:40 of 3rd period - Snap shot by Travis Konecny.
10:40 of 3rd period - Shot Misses the Net.
10:42 of 3rd period - Wrist shot by Travis Konecny.
10:42 of 3rd period - Stopped by Frederik Andersen with a rebound.
10:44 of 3rd period - Slapshot by Cal Foote.
10:44 of 3rd period - Deflect By Travis Konecny.
10:44 of 3rd period - Stopped by Frederik Andersen without a rebound.
10:45 of 3rd period - Morgan Frost wins face-off versus Sebastian C Aho in Carolina Hurricanes zone.
10:58 of 3rd period - Snap shot by Brady Skjei.
10:58 of 3rd period - Stopped by Matt Murray without a rebound.
10:59 of 3rd period - Morgan Frost wins face-off versus David Krejci in Philadelphia Flyers zone.
10:59 of 3rd period - Morgan Frost is hit by Will Borgen.
11:31 of 3rd period - Off-side.
11:32 of 3rd period - Sebastian C Aho wins face-off versus Garnet Hathaway in neutral zone.
11:37 of 3rd period - Snap shot by Andrei Svechnikov.
11:37 of 3rd period - Stopped by Matt Murray with a rebound.
11:39 of 3rd period - Slapshot by Brady Skjei.
11:39 of 3rd period - Stopped by Matt Murray with a rebound.
11:41 of 3rd period - Slapshot by Brady Skjei.
11:41 of 3rd period - Shot Blocked by Vince Dunn.
11:43 of 3rd period - Wrist shot by Sebastian C Aho.
11:43 of 3rd period - Deflect By Alex Tuch.
11:43 of 3rd period - Stopped by Matt Murray without a rebound.
11:44 of 3rd period - David Krejci wins face-off versus Morgan Frost in Philadelphia Flyers zone.
11:45 of 3rd period - Snap shot by Martin Necas.
11:45 of 3rd period - Stopped by Matt Murray without a rebound.
11:46 of 3rd period - Morgan Frost wins face-off versus David Krejci in Philadelphia Flyers zone.
11:46 of 3rd period - Morgan Frost is hit by Michael Bunting.
11:53 of 3rd period - Off-side.
11:54 of 3rd period - David Krejci wins face-off versus Morgan Frost in neutral zone.
12:19 of 3rd period - Slapshot by Vince Dunn.
12:19 of 3rd period - Shot Blocked by Brady Skjei.
12:21 of 3rd period - Slapshot by Vince Dunn.
12:21 of 3rd period - Stopped by Frederik Andersen with a rebound.
12:23 of 3rd period - Snap shot by Travis Hamonic.
12:23 of 3rd period - Stopped by Frederik Andersen with a rebound.
12:25 of 3rd period - Wrist shot by Morgan Frost.
12:25 of 3rd period - Deflect By Miles Wood.
12:25 of 3rd period - Stopped by Frederik Andersen without a rebound.
12:26 of 3rd period - Sebastian C Aho wins face-off versus Jonathan Toews in Carolina Hurricanes zone.
13:35 of 3rd period - Snap shot by Teuvo Teravainen.
13:35 of 3rd period - Stopped by Matt Murray without a rebound.
13:36 of 3rd period - Mark Kastelic wins face-off versus Jesperi Kotkaniemi in Philadelphia Flyers zone.
14:05 of 3rd period - Snap shot by Ryan Donato.
14:05 of 3rd period - Deflect By Mark Kastelic.
14:05 of 3rd period - Shot Misses the Net.
14:05 of 3rd period - Puck is out of play.
14:06 of 3rd period - Jonathan Toews wins face-off versus Sebastian C Aho in Carolina Hurricanes zone.
14:39 of 3rd period - Snap shot by Sebastian C Aho.
14:39 of 3rd period - Goal by Sebastian C Aho - Carolina Hurricanes : 3 - Philadelphia Flyers : 3.
14:40 of 3rd period - Scott Laughton wins face-off versus David Krejci in neutral zone.
15:13 of 3rd period - Slapshot by Stefan Noesen.
15:13 of 3rd period - Stopped by Matt Murray without a rebound.
15:14 of 3rd period - Jonathan Toews wins face-off versus Jordan Staal in Philadelphia Flyers zone.
15:36 of 3rd period - Minor Penalty to Kevin Shattenkirk for Delaying the game.
15:37 of 3rd period - Martin Necas wins face-off versus Jonathan Toews in Carolina Hurricanes zone.
15:44 of 3rd period - Slapshot by Vince Dunn.
15:44 of 3rd period - Stopped by Frederik Andersen without a rebound.
15:45 of 3rd period - Jonathan Toews wins face-off versus Martin Necas in Carolina Hurricanes zone.
15:50 of 3rd period - Wrist shot by Travis Konecny.
15:50 of 3rd period - Stopped by Frederik Andersen with a rebound.
16:10 of 3rd period - Vince Dunn is hit by Dmitry Orlov.
16:24 of 3rd period - Slapshot by Vince Dunn.
16:24 of 3rd period - Deflect By Sebastian C Aho.
16:24 of 3rd period - Stopped by Frederik Andersen without a rebound.
16:25 of 3rd period - Josh Norris wins face-off versus Martin Necas in Carolina Hurricanes zone.
16:38 of 3rd period - Brett Pesce is hit by Cal Foote and loses puck.
17:29 of 3rd period - Dmitry Orlov is hit by Vince Dunn.
17:36 of 3rd period - Penalty to Kevin Shattenkirk is over, Kevin Shattenkirk is back on ice.
18:01 of 3rd period - Cam York is hit by Martin Necas and loses puck.
18:17 of 3rd period - Off-side.
18:18 of 3rd period - Jesperi Kotkaniemi wins face-off versus Ryan Donato in neutral zone.
18:40 of 3rd period - Snap shot by Andrei Svechnikov.
18:40 of 3rd period - Deflect By Sebastian C Aho.
18:40 of 3rd period - Shot Misses the Net.
18:40 of 3rd period - Puck is out of play.
18:41 of 3rd period - Jonathan Toews wins face-off versus Sebastian C Aho in Philadelphia Flyers zone.
19:11 of 3rd period - Wrist shot by Teuvo Teravainen.
19:11 of 3rd period - Stopped by Matt Murray without a rebound.
19:12 of 3rd period - Morgan Frost wins face-off versus Jesperi Kotkaniemi in Philadelphia Flyers zone.
19:42 of 3rd period - Icing by Vince Dunn.
19:43 of 3rd period - David Krejci wins face-off versus Morgan Frost in Philadelphia Flyers zone.
19:48 of 3rd period - Wrist shot by David Krejci.
19:48 of 3rd period - Goal by David Krejci - Carolina Hurricanes : 4 - Philadelphia Flyers : 3.
19:49 of 3rd period - Sebastian C Aho wins face-off versus Jonathan Toews in neutral zone.
19:55 of 3rd period - Minor Penalty to Travis Konecny for Cross-checking.
19:56 of 3rd period - Sebastian C Aho wins face-off versus Mark Kastelic in Philadelphia Flyers zone.
19:56 of 3rd period - Snap shot by Alex Tuch.
19:56 of 3rd period - Deflect By Sebastian C Aho.
19:56 of 3rd period - Stopped by Matt Murray with a rebound.
Goals for this period are 3 for Carolina Hurricanes vs 1 for Philadelphia Flyers.
Shots for this period are 20 for Carolina Hurricanes vs 14 for Philadelphia Flyers.